Map: The Vermillion Problem

Players

wasp

  • Race: Protoss Protoss

larsgj

  • Race: Terran Terran

VOD

Have the link to the VOD?

Description

Time

  • Played on: Oct. 12, 2018, 11:54 a.m.
  • Length: 32:35
Show
View Real Time Build Order
Export as new Build Order

wasp Protoss 

Build Orders:  

Get SALT Encoding   

    0:00  Probe x12 (Chrono Boost)  
    0:09  Unknown x2  
  12  0:30  Pylon  
  12  0:43  Pylon  
  12  1:08  Probe (Chrono Boost)  
  13  1:22  Probe (Chrono Boost)  
  13  1:28  Pylon  
  14  1:36  Probe (Chrono Boost)  
  15  1:49  Probe (Chrono Boost)  
  15  1:50  Pylon  
  15  1:56  Gateway  
  16  2:03  Probe (Chrono Boost)  
  17  2:32  Forge  
  17  3:34  Cybernetics Core  
  17  4:17  Assimilator  
  17  4:27  Assimilator  
  17  4:38  Zealot  
  17  4:39  Zealot x2  
  23  6:02  Zealot x2  
  23  6:03  Zealot  
  29  8:14  Zealot x2  
  29  8:15  Zealot  
  35  9:47  Zealot  
  35  9:48  Zealot x2  
  41  10:54  Zealot  
  41  10:55  Zealot  
  45  11:07  Gateway  
  45  12:27  Zealot  
  45  15:22  Zealot  
  27  16:50  Zealot  
  27  16:51  Zealot x3  
  27  16:52  Zealot x2  
  37  19:10  Zealot  
  37  19:11  Zealot x3  
  37  19:12  Zealot  
  17  25:40  Zealot x2  
  17  25:41  Zealot x4  
  28  28:45  Zealot x3  
  28  28:46  Zealot x2  
  28  28:47  Zealot  
Show
View Real Time Build Order
Export as new Build Order

larsgj Terran 

Build Orders:  

Get SALT Encoding   

    0:00  Orbital Command, SCV x12  
    0:09  Unknown  
  12  0:12  SCV  
  13  0:31  Supply Depot  
  13  0:55  Barracks, SCV  
  14  1:11  SCV  
  14  1:17  Supply Depot  
  15  1:28  SCV  
  16  1:32  Refinery  
  16  1:43  Refinery  
  16  1:45  SCV  
  16  1:49  Marine  
  17  1:59  Marine  
  18  2:09  Marine, SCV  
  21  2:20  Marine  
  21  2:26  SCV  
  23  2:43  SCV  
  23  2:49  Factory  
  24  3:01  SCV  
  25  3:10  Barracks Tech Lab  
  25  3:18  SCV  
  26  3:36  SCV  
  27  3:52  Supply Depot  
  27  3:53  SCV  
  27  3:55  Supply Depot  
  28  4:10  SCV  
  28  4:14  Engineering Bay  
  29  4:26  Stabilizer Medpacks  
  29  4:27  SCV  
  30  4:44  Starport, SCV  
  31  4:59  Missile Turret  
  31  5:36  Missile Turret  
  31  5:37  Fusion Core  
  31  5:43  Armory  
  31  5:44  Starport Tech Lab  
  31  5:48  SCV  
  32  6:05  SCV  
  33  6:22  SCV  
  34  6:39  SCV  
  35  6:45  Battlecruiser  
  41  6:56  SCV  
  41  6:59  Missile Turret  
  42  7:16  Starport  
  45  7:20  Weapon Refit  
  42  7:29  Missile Turret  
  42  8:17  Starport Tech Lab  
  42  8:35  Supply Depot  
  42  8:36  Battlecruiser  
  42  8:37  Supply Depot  
  42  8:38  Supply Depot x2  
  48  8:40  Supply Depot  
  48  8:41  Supply Depot  
  48  9:09  Battlecruiser  
  54  9:34  Medic  
  56  9:44  Medic  
  58  9:54  Medic  
  60  10:04  Marine  
  61  10:15  Marine  
  62  10:25  Marine  
  63  10:35  Marine  
  64  10:51  Battlecruiser  
  70  12:15  Battlecruiser  
  76  12:25  Afterburners  
  76  12:31  Orbital Command  
  76  13:53  Battlecruiser  
  82  14:01  Terran Vehicle and Ship Weapons Level 1  
  82  14:35  Supply Depot  
  82  14:39  Supply Depot  
  82  14:40  Supply Depot  
  82  14:42  Supply Depot  
  82  14:44  Supply Depot  
  82  14:45  Supply Depot  
  82  14:46  Supply Depot  
  82  14:49  Supply Depot  
  82  14:50  Supply Depot  
  82  14:52  Supply Depot  
  82  16:41  Terran Vehicle And Ship Armor Level 1  
  82  17:08  Marine  
  82  17:18  Marine  
  83  17:28  Marine  
  84  17:38  Marine  
  85  17:48  Medic  
  87  18:03  Battlecruiser  
  87  18:05  Battlecruiser  
  99  19:21  Advanced Optics  
  99  19:44  Command Center  
  94  20:00  Battlecruiser x2  
  94  20:04  Marine  
  104  20:13  Missile Turret  
  104  20:14  Marine  
  105  20:25  Marine  
  106  20:35  Marine  
  106  20:43  Refinery  
  106  20:44  Refinery  
  106  20:45  Medic  
  108  20:55  Marine  
  109  21:05  Marine  
  107  21:15  Medic  
  105  21:21  Terran Vehicle and Ship Weapons Level 2  
  102  21:49  SCV  
  103  21:55  Marine  
  104  22:05  Marine  
  104  22:06  SCV  
  106  22:11  Barracks  
  106  22:16  Marine  
  107  22:23  SCV  
  107  22:26  Marine  
  109  22:36  Marine  
  109  22:39  SCV  
  111  22:56  SCV  
  112  24:10  SCV  
  113  24:27  SCV  
  114  24:44  SCV  
  115  24:57  Supply Depot  
  115  24:59  Supply Depot  
  115  25:01  SCV, Supply Depot  
  115  25:03  Supply Depot  
  115  25:04  Supply Depot  
  116  25:17  SCV  
  116  25:18  Medic  
  117  25:28  Medic  
  119  25:38  Medic  
  121  25:48  Medic  
  123  25:59  Medic  
  127  26:11  Battlecruiser x2  
  139  26:54  Battlecruiser x2  
  151  27:36  Battlecruiser x2  
  163  27:42  SCV  
  162  27:59  SCV  
  155  28:14  Marine  
  155  28:16  SCV  
  153  28:24  Marine  
  153  28:33  SCV  
  153  28:34  Marine  
  155  28:44  Medic  
  157  28:50  SCV  
  157  28:54  Medic  
  160  29:05  Marine, Barracks Tech Lab  
  160  29:07  SCV  
  162  29:15  Medic  
  164  29:24  SCV  
  164  29:25  Marine  
Tags
 
Add a new tag
Caveats
  • Supply blocks, unpowered buildings, or Contaminate may cause inaccurate times.
  • Supply counts are checked every 10 seconds.